 Dungeon Crawl Stone Soup version 0.32-a0-131-g9dbbe29261 (webtiles) character file.

Game seed: 13651126924495744827

8 Bravepunisher the Ducker (level 2, 0/16 HPs)
             Began as a Spriggan Monk on Feb 8, 2024.
             Slain by a hobgoblin (3 damage)
             ... led by Robin
             ... on level 2 of the Dungeon.
             The game lasted 00:00:41 (181 turns).

Bravepunisher the Ducker (Spriggan Monk)             Turns: 181, Time: 00:00:41

Health: 0/16       AC:  2    Str:  7    XL:     2   Next: 0%
Magic:  3/3        EV: 19    Int: 11    God:
Gold:   2          SH:  0    Dex: 17    Spells: 1/1 levels left

rFire   . . .        f - +2 dagger (venom)
rCold   . . .        (no shield)
rNeg    . . .        b - +0 robe
rPois   .            (helmet restricted)
rElec   .            (no cloak)
rCorr   .            (gloves unavailable)
SInv    +            (boots unavailable)
Will    .....        (no amulet)
Stlth   ++           (no ring)
HPRegen 0.22/turn    (no ring)
MPRegen 0.08/turn

%: no passive effects
@: very quick
A: very small, no large weapons, unfitting armour, see invisible, speed 3
a: no special abilities


You were on level 2 of the Dungeon.
You visited 1 branch of the dungeon, and saw 2 of its levels.

You collected 2 gold pieces.

Inventory:

Hand Weapons
 a - a +0 short sword
 f - a +2 dagger of venom (weapon)
Armour
 b - a +0 robe (worn)
Scrolls
 e - a scroll of noise {unknown}
Potions
 c - a potion of ambrosia
 d - a potion of heal wounds {unknown}


   Skills:
 + Level 2.5 Fighting
 - Level 3.2 Short Blades
 * Level 4.5 Dodging


You had one spell level left.
You didn't know any spells.
Your spell library was empty.

Dungeon Overview and Level Annotations

Branches:
Dungeon (2/15)

Altars:

Annotations:
D:2 Robin


Innate Abilities, Weirdness & Mutations

You are very small and have problems with some larger weapons.
You are too small for most types of armour.
You have supernaturally acute eyesight. (SInv)
You cover ground extremely quickly. (Speed+++)


Message History

You see here a ring of flight.
A kobold comes into view. It is wielding a +0 club.
Found a scroll labelled WAELOE DUEWEPN and a scale mail.
The kobold shouts!
You hear a shout!
The kobold moves out of view.
A rat comes into view.
Robin throws the goblin at you! The goblin misses you.
You hit the goblin but do no damage. You hit the goblin.
The goblin is heavily wounded.
The goblin completely misses you.
You completely miss the goblin.
The goblin is heavily wounded.
The hobgoblin hits you. The goblin barely misses you.
You hit the goblin.
You kill the goblin!
The hobgoblin hits you. The goblin completely misses you.
You have reached level 2!
Found a scroll labelled WOEPNI ZASHA.
Robin throws the goblin at you! The goblin misses you.
Things that are here:
a +2 dagger of venom; a +0 sling; a goblin corpse
f - a +2 dagger of venom The hobgoblin completely misses you.
The goblin hits you with a +0 dagger.
A hobgoblin comes into view.
A goblin comes into view. It is wielding a +0 dagger.
Your +2 dagger of venom begins to drip with poison!
f - a +2 dagger of venom (weapon)
Unknown command.
You hit the goblin.
The goblin is poisoned.
The goblin is severely wounded.
The hobgoblin hits you.
* * * LOW HITPOINT WARNING * * *
Robin roars a battlecry!
The goblins go into a battle-frenzy!
The goblin closely misses you.
You hit the goblin but do no damage.
The goblin looks even sicker.
The goblin is severely wounded.
The hobgoblin hits you.
You die...

. #.#..##....#
.. #.#..#.....
?..
#.gg)#.....
......#g...###
.....##......#
#.....ggg..#.#
##.####Kg..# #
# #g#### #@#
#g# #r# ...
#.[ .... #...
#?...


You could see Robin, 3 hobgoblins, 5 goblins, a kobold and a rat.

Vanquished Creatures
  2 goblins
  4 jackals (D:1)
6 creatures vanquished.

Notes
Turn   | Place    | Note
-------+----------+-------------------------------------------
     0 | D:1      | Bravepunisher the Spriggan Monk began the quest for the
                  | Orb.
     0 | D:1      | Reached XP level 1. HP: 11/11 MP: 2/2
   167 | D:2      | Noticed Robin
   177 | D:2      | Reached XP level 2. HP: 10/16 MP: 3/3
   181 | D:2      | Slain by a hobgoblin

Illustrated notes

Levels and vault maps discovered:
D:1:      wander_arrival_fairy_ring, layout_loops_ring, serial_forest,
          infiniplex_forest_lined_room_, infiniplex_forest_join,
          infiniplex_forest_end_2, infiniplex_forest_lined_2,
          infiniplex_forest_lined_3, infiniplex_forest_lined_corner,
          infiniplex_forest_straight_2
D:2:      layout_basic, shapermc_ecumenical_altar_mp_ritualfount,
          minmay_strange_pillars, minmay_misc_feat_x, wad_woods_river_04,
          minmay_pentomino_q2, uniq_jessica, uniq_robin

Action                     || total
---------------------------++-------
  Melee: Short sword       ||    45
         Punch             ||     1
         Dagger            ||     2
 Armour: Robe              ||    18
  Dodge: Dodged            ||    38

Table legend: (Time is in decaauts)
 A = Elapsed time spent in this place.
 B = Non-inter-level travel time spent in this place.
 C = Inter-level travel time spent in this place.
 D = Time resting spent in this place.
 E = Time spent auto-exploring this place.
 F = Levels seen in this place.
 G = Mean time per level.
                   A        B        C        D        E       F      G
               +--------+--------+--------+--------+--------+-----+--------+
         Total |    140 |    140 |      0 |      0 |     75 |   2 |   70.0 |
       Dungeon |    140 |    140 |      0 |      0 |     75 |   2 |   70.0 |
               +--------+--------+--------+--------+--------+-----+--------+

Top non-repeatable levels by time:
     D:1: 130 daAuts
     D:2: 10 daAuts
